 Dungeon Crawl Stone Soup version 0.15-a0-1646-g393eda0 (webtiles) character file.

8 Decloudo the Digger (level 2, -1/19 HPs)
             Began as a Formicid Earth Elementalist on June 22, 2014.
             Slain by a ball python (2 damage)
             ... on Level 1 of the Dungeon.
             The game lasted 00:03:16 (320 turns).

Decloudo the Digger (Formicid Earth Elementalist)    Turns: 320, Time: 00:03:17

HP  -1/19        AC  2     Str 12      XL: 2   Next: 15%
MP   5/6         EV 12     Int 14      God:
Gold 36          SH  0     Dex 11      Spells:  1 memorised,  4 levels left

rFire  . . .     SeeInvis +     o - +0 spear
rCold  . . .     Clarity  .     c - +0 robe
rNeg   . . .     rCorr    .     (no shield)
rPois  .         rRot     .     (helmet unavailable)
rElec  .         Spirit   .     (no cloak)
SustAb .         Warding  .     (no gloves)
rMut   .         Stasis   +     (no boots)
Gourm  .                        (no amulet)
MR     .....                    (no ring)
                                (no ring)

@: constricted, not resistant to hostile enchantments, unstealthy
A: permanent stasis, dig shafts and tunnels, four strong arms, antennae 3
a: Dig, Shaft Self


You were on level 1 of the Dungeon.
You were not hungry.

You visited 1 branch of the dungeon, and saw 1 of its levels.

You collected 36 gold pieces.

Inventory:

Hand weapons
 e - a +0 club
 l - a +0 dagger
 o - a +0 spear (weapon)
Missiles
 b - 43 stones (quivered)
 i - 11 arrows of flame
Armour
 c - a +0 robe (worn)
Comestibles
 a - a bread ration
 f - a chunk of goblin flesh
 g - a chunk of bat flesh
 h - a chunk of bat flesh
 m - a chunk of goblin flesh
 n - 3 chunks of hobgoblin flesh
Scrolls
 j - a scroll of recharging {unknown}
Potions
 k - a potion of curing {unknown}
Books
 d - a book of Geomancy

   Spells                             Type                      Level
   *Sandblast                         Earth                        1
   Stoneskin                          Transmutation/Earth          2
   Passwall                           Transmutation/Earth          3
   Stone Arrow                        Conjuration/Earth            3
   Petrify                            Transmutation/Earth          4
   Lee's Rapid Deconstruction         Earth                        5


   Skills:
 + Level 0.0 Fighting
 + Level 0.0 Armour
 - Level 1.8 Dodging
 + Level 2.5 Stealth
 + Level 2.3 Spellcasting
   Level 1.1 Transmutations
 + Level 4.0 Earth Magic


You had 4 spell levels left.
You knew the following spells:

 Your Spells              Type           Power        Failure   Level  Hunger
a - Sandblast             Erth           ##....       4%          1    #......


Dungeon Overview and Level Annotations

Branches:
Dungeon (1/15)

Altars:


Innate Abilities, Weirdness & Mutations

Your are under a permanent stasis effect.
You can dig through walls and to a lower floor.
Your four strong arms can wield two-handed weapons with a shield.
You have a pair of large antennae on your head (SInv).


Message History

A ball python comes into view.
Found a stone staircase leading down.
A giant newt comes into view.
There are monsters nearby!
The giant newt bites you.
You barely miss the giant newt. The giant newt bites you.
You barely miss the giant newt. The giant newt misses you.
You closely miss the giant newt. The giant newt completely misses you.
The giant newt bites you.
You closely miss the giant newt. The giant newt barely misses you.
You hit the giant newt.
You kill the giant newt!
The ball python bites you.
* * * LOW HITPOINT WARNING * * *
The ball python grabs you. The ball python constricts you.
You closely miss the ball python. The ball python bites you.
* * * LOW HITPOINT WARNING * * *
x2 The ball python constricts you.
You barely miss the ball python. The ball python bites you.
You die...

##...#. ### #.#
##....... ..# #.#
#>........ ..# #.#
#.......... ..# #.#
.......... ..# #.#
....... ####
#.######...# ...#
##......#S#
##.#####........@######.
#...##..................
###.%..........####....
###..%..................
.....%.#.#.#######....
.......#.#.# ...
.......#.#.# .
............
.......#.#.#


You could see a ball python.

Vanquished Creatures
  3 bats (D:1)
  2 goblins (D:1)
  2 hobgoblins (D:1)
  A giant newt (D:1)
8 creatures vanquished.

Notes
Turn   | Place    | Note
--------------------------------------------------------------
     0 | D:1      | Decloudo, the Formicid Earth Elementalist, began the quest for the Orb.
     0 | D:1      | Reached XP level 1. HP: 13/13 MP: 3/3
   274 | D:1      | Reached XP level 2. HP: 17/19 MP: 0/6
   276 | D:1      | Reached skill level 4 in Earth Magic
   320 | D:1      | Slain by a ball python

Action                   || total
-------------------------++-------
Melee: Unarmed           ||     3
       Club              ||     4
       Spear             ||     7
 Cast: Sandblast         ||     7
